 Dungeon Crawl Stone Soup version 0.27.1 (webtiles) character file.

Game seed: 2547578552564271396

249 Malachi the Chopper (level 5, -2/72 HPs)
             Began as a Minotaur Berserker on Sept 1, 2021.
             Was a Believer of Trog.
             Slain by a lemure (3 damage)
             ... led by Pikel
             ... on level 4 of the Dungeon.
             The game lasted 00:03:16 (3454 turns).

Malachi the Chopper (Minotaur Berserker)            Turns: 3454, Time: 00:03:17

Health: -2/72      AC:  9    Str: 22    XL:     5   Next: 86%
Magic:  4/4        EV:  8    Int:  4    God:    Trog [**....]
Gold:   117        SH:  0    Dex: 10    Spells: 4/4 levels left

rFire    . . .     SeeInvis .   a - +0 hand axe
rCold    . . .     Faith    .   (no shield)
rNeg     . . .     Spirit   .   e - +0 chain mail
rPois    .         Reflect  .   (helmet restricted)
rElec    .         Harm     .   (no cloak)
rCorr    .         Rampage  .   (no gloves)
Will     .....                  (no boots)
Stlth    ..........             (no amulet)
HPRegen  0.22/turn              (no ring)
MPRegen  0.09/turn              (no ring)

@: berserking, very quick
A: horns 2, retaliatory headbutt
a: Renounce Religion, Berserk, Trog's Hand


You were on level 4 of the Dungeon.
You worshipped Trog.
Trog was pleased with you.
You visited 1 branch of the dungeon, and saw 4 of its levels.

You collected 117 gold pieces.

Inventory:

Hand Weapons
 a - a +0 hand axe (weapon)
Armour
 d - a +0 tower shield
 e - a +0 chain mail (worn)
Scrolls
 b - 2 scrolls of holy word
 c - a scroll of enchant weapon
 i - a scroll of blinking {unknown}
 j - a scroll of immolation {unknown}
Potions
 f - a potion of curing {unknown}
 g - a potion of attraction
 h - a potion of resistance


   Skills:
 + Level 5.3 Fighting
 * Level 6.7 Axes
 - Level 3.0 Armour
 - Level 2.2 Dodging


You had 4 spell levels left.
You didn't know any spells.
Your spell library was empty.

Dungeon Overview and Level Annotations

Branches:
Dungeon (4/15)
 Temple: D:4-7

Altars:

Shops:
D:2 [

Annotations:
D:4 Pikel


Innate Abilities, Weirdness & Mutations

You have a pair of horns on your head.
You reflexively headbutt those who attack you in melee.


Message History

The lemure hits you.
* * * LOW HITPOINT WARNING * * *
You slash Pikel! Your headbutt misses Pikel.
Pikel is severely wounded.
You slash the lemure!
Your chain mail prevents you from hitting the lemure.
You slash the lemure! The lemure hits you.
* * * LOW HITPOINT WARNING * * *
Unknown command.
You closely miss Pikel.
Pikel is severely wounded.
You closely miss the lemure. You hit the lemure. You slash the lemure!
Pikel hits you but does no damage. The lemure hits you.
* * * LOW HITPOINT WARNING * * *
The lemure hits you but does no damage. The lemure closely misses you.
Unknown command.
You barely miss Pikel.
Pikel is severely wounded.
You closely miss the lemure. You slash the lemure!
You hit the lemure but do no damage. The lemure completely misses you.
You furiously retaliate!
You headbutt the lemure!
You kill the lemure!
That felt strangely unrewarding.
Pikel hits you but does no damage. The lemure hits you.
* * * LOW HITPOINT WARNING * * *
You hit Pikel. Your headbutt misses Pikel.
Pikel is severely wounded.
You miss the lemure. You hit the lemure.
The lemure hits you but does no damage. The lemure hits you.
* * * LOW HITPOINT WARNING * * *
Pikel hits you with a +0 whip of freezing.
* * * LOW HITPOINT WARNING * * *
Pikel freezes you.
* * * LOW HITPOINT WARNING * * *
You slash Pikel!
Pikel is almost dead.
You slash the lemure!
You kill the lemure!
That felt strangely unrewarding.
You miss the lemure. The lemure hits you.
You die...

#............<).......
#............)).......
#..........)).†.......
#.....................
#.....................
#.....................
###......#############
#......# #....@.#
#....K5# #....w.#
#......#####.
#####........
#........ #........
#........ #........


You could see Pikel, a lemure and a dart slug.

Vanquished Creatures
  3 lemures (D:4)
  A bullfrog zombie (D:3)
  2 hounds
  A gnoll (D:1)
  8 adders
  A worm (D:2)
  A dart slug (D:1)
  6 orcs
  11 ball pythons
  3 bats
  8 endoplasms
  A giant cockroach (D:1)
  5 goblins
  5 hobgoblins
  A quokka (D:2)
  4 frilled lizards
  5 kobolds
  6 rats
72 creatures vanquished.

Vanquished Creatures (others)
  3 plants (D:3)
3 creatures vanquished.

Grand Total: 75 creatures vanquished

Notes
Turn   | Place    | Note
-------+----------+-------------------------------------------
     0 | D:1      | Malachi the Minotaur Berserker began the quest for the Orb.
     0 | D:1      | Reached XP level 1. HP: 19/19 MP: 0/0
   264 | D:1      | Reached XP level 2. HP: 24/27 MP: 1/1
   305 | D:1      | Reached skill level 4 in Axes
   908 | D:1      | Reached XP level 3. HP: 33/33 MP: 2/2
  1521 | D:2      | Found a faded altar of an unknown god.
  1530 | D:2      | Reached skill level 5 in Axes
  1537 | D:2      | Reached XP level 4. HP: 38/41 MP: 3/3
  1617 | D:2      | Reached ** piety under Trog
  1979 | D:2      | Found Duurph's Armour Boutique.
  2429 | D:3      | Reached XP level 5. HP: 37/47 MP: 4/4
  2524 | D:3      | Reached skill level 5 in Fighting
  2524 | D:3      | Reached skill level 6 in Axes
  3426 | D:4      | Noticed a lemure
  3426 | D:4      | Noticed Pikel
  3427 | D:4      | Noticed a lemure
  3428 | D:4      | Noticed a lemure
  3428 | D:4      | Noticed a lemure
  3445 | D:4      | Killed a lemure
  3452 | D:4      | Killed a lemure
  3453 | D:4      | HP: 2/72 [Pikel (2)]
  3454 | D:4      | Killed a lemure
  3454 | D:4      | Slain by a lemure

Illustrated notes

Levels and vault maps discovered:
D:1:      lightli_molten_gateway, layout_loops_ring
D:2:      layout_basic, serial_shops, nicolae_diamond_shop,
          chequers_ecumenical_altar_island
D:3:      layout_basic, minmay_shallow_snake_nest
D:4:      layout_gridville, lemuel_crystal_altar, minmay_temple_entry_arrows,
          uniq_pikel

Skill      XL: |  1  2  3  4  5 |
---------------+----------------+-----
Axes           | 4 5 6 |  6.7
Fighting       | 4 5 |  5.3
Armour         | 3 |  3.0
Dodging        | |  2.2

Action                   |  1- 3 |  4- 6 || total
-------------------------+-------+-------++-------
Melee: Hand axe          |    82 |   111 ||   193
       Headbutt          |     9 |    15 ||    24
Invok: Berserk           |       |     1 ||     1
  Use: Scroll            |       |     4 ||     4
Armor: Animal skin       |     4 |       ||     4
       Chain mail        |    34 |    69 ||   103
Dodge: Dodged            |    36 |    45 ||    81
